 Dungeon Crawl Stone Soup version 0.23.2-1-ga50397a (webtiles) character file.

Game seed: 16924436465614438931

141 tvizor the Cutter (level 5, -3/29 HPs)
             Began as a Kobold Berserker on May 22, 2019.
             Was a Believer of Trog.
             Killed by nerve-wracking pain
             ... invoked by Grinder
              (5 damage)
             ... on level 3 of the Dungeon.
             The game lasted 00:16:24 (4179 turns).

tvizor the Cutter (Kobold Berserker)                Turns: 4179, Time: 00:16:25

Health: -3/29      AC:  7    Str: 16    XL:     5   Next: 48%
Magic:  5/5        EV: 14    Int:  8    God:    Trog [**....]
Gold:   167        SH:  0    Dex: 14    Spells: 4/4 levels left

rFire    . . .     SeeInvis .   a - +0 short sword
rCold    . . .     Gourm    .   (shield restricted)
rNeg     . . .     Faith    .   h - +1 ring mail
rPois    .         Spirit   .   (no helmet)
rElec    .         Reflect  .   (no cloak)
rCorr    .         Harm     .   (no gloves)
MR       .....                  n - +0 pair of boots
Stlth    +.........             (no amulet)
HPRegen  0.09/turn              (no ring)
MPRegen  0.09/turn              (no ring)

@: berserk cooldown, slowed, very slow
A: small, talons 1, carnivore, frail 1
a: Berserk, Trog's Hand, Renounce Religion


You were on level 3 of the Dungeon.
You worshipped Trog.
Trog was pleased with you.
You were very full.

You visited 1 branch of the dungeon, and saw 3 of its levels.

You collected 167 gold pieces.

Inventory:

Hand Weapons
 a - a +0 short sword (weapon)
Armour
 b - a +0 animal skin
 h - a +1 ring mail (worn)
 n - a +0 pair of boots (worn)
Jewellery
 j - an uncursed amulet of magic regeneration {unknown}
Scrolls
 d - a scroll of teleportation
 e - a scroll of identify
 g - 4 scrolls of amnesia
 k - a scroll of remove curse
Comestibles
 c - 8 rations
 l - 6 chunks of flesh


   Skills:
 + Level 3.9 Fighting
 + Level 5.7 Short Blades
 + Level 2.5 Armour
 + Level 3.2 Dodging
 + Level 0.6 Stealth


You had 4 spell levels left.
You didn't know any spells.
Your spell library was empty.

Dungeon Overview and Level Annotations

Branches:
Dungeon (3/15)

Altars:
Gozag
Nemelex Xobeh
Trog

Annotations:
D:3 Grinder


Innate Abilities, Weirdness & Mutations

You are small and have problems with some larger weapons.
You are carnivorous and can eat meat at any time.
You have sharp toenails.
You are frail. (-10% HP)


Message History

You are no longer berserk.
You are exhausted.
You feel yourself slow down. Grinder misses you.
You hit Grinder but do no damage. Grinder closely misses you.
You closely miss Grinder. Grinder hits you.
You hit Grinder.
Grinder is lightly wounded.
Grinder hits you but does no damage.
You hit Grinder.
Grinder is lightly wounded.
Grinder hits you.
* * * LOW HITPOINT WARNING * * *
You writhe in agony.
* * * LOW HITPOINT WARNING * * *
Grinder hits you.
* * * LOW HITPOINT WARNING * * *
You're still recovering from your berserk rage.
Grinder gestures at you. Pain shoots through your body!
You die...

##.##
#..รท###
#[# #.>...#
#.# #...#.#
##'##
#####.#
##...## #
##.....##
##.......##
#.........#
+....@....+
#.....5...#
##.......##
##.....##
##...##
#....
#..### #..#
....


You could see Grinder.

Vanquished Creatures
  2 orc priests (D:3)
  An adder (D:2)
  2 oozes
  4 dart slugs
  4 orcs (D:3)
  4 bats
  3 giant cockroaches
  7 goblins
  4 hobgoblins
  2 jackals (D:2)
  A quokka (D:2)
  4 frilled lizards
  6 kobolds
  10 rats
54 creatures vanquished.

Notes
Turn   | Place    | Note
-------+----------+-------------------------------------------
     0 | D:1      | tvizor the Kobold Berserker began the quest for the Orb.
     0 | D:1      | Reached XP level 1. HP: 14/14 MP: 1/1
   396 | D:1      | Reached XP level 2. HP: 15/19 MP: 2/2
  1499 | D:2      | Reached XP level 3. HP: 22/23 MP: 3/3
  1781 | D:2      | Found an opulent altar of Gozag.
  1781 | D:2      | Found a sparkling altar of Nemelex Xobeh.
  2382 | D:2      | Reached ** piety under Trog
  2684 | D:2      | Reached XP level 4. HP: 13/29 MP: 4/4
  2938 | D:2      | Reached skill level 5 in Short Blades
  3249 | D:2      | Found a bloodstained altar of Trog.
  3372 | D:2      | Gained mutation: You are frail. (-10% HP) [potion of
                  | mutation]
  3372 | D:2      | Gained mutation: You have sharp toenails. [potion of
                  | mutation]
  3691 | D:3      | Reached XP level 5. HP: 23/29 MP: 5/5
  4154 | D:3      | Noticed Grinder
  4162 | D:3      | Paralysed by Grinder for 3 turns
  4179 | D:3      | Killed from afar by Grinder

Skill      XL: |  1  2  3  4 |
---------------+-------------+-----
Armour         | 2 |  2.5
Short Blades   | 5 |  5.7
Dodging        | 3 |  3.2
Fighting       | |  3.9
Stealth        | |  0.6

Action                   |  1- 3 |  4- 6 || total
-------------------------+-------+-------++-------
Melee: Short sword       |   121 |    78 ||   199
Invok: Berserk           |       |     1 ||     1
  Use: Scroll            |       |     8 ||     8
       Potion            |       |     5 ||     5
  Eat: Chunk             |    13 |     5 ||    18
Armor: Animal skin       |     3 |       ||     3
       Ring mail         |    26 |    27 ||    53
Dodge: Dodged            |    93 |    51 ||   144
